 Dungeon Crawl Stone Soup version 0.25.1-8-g42b30a86e7 (webtiles) character file.

Game seed: 10423496728103532749

175 Qrupt the Conjurer (level 5, -3/40 HPs)
             Began as a Demigod Conjurer on Dec 27, 2020.
             Blown up by Ijyb (25 damage)
             ... with a disintegration bolt
             ... on level 3 of the Dungeon.
             The game lasted 00:07:05 (3020 turns).

Qrupt the Conjurer (Demigod Conjurer)               Turns: 3020, Time: 00:07:06

Health: -3/40      AC:  2    Str: 11    XL:     5   Next: 7%
Magic:  0/12       EV: 12    Int: 21    God:
Gold:   126        SH:  0    Dex: 16    Spells: 7/10 levels left

rFire    . . .     SeeInvis .   (no weapon)
rCold    . . .     Gourm    .   (no shield)
rNeg     . . .     Faith    .   a - +0 robe
rPois    .         Spirit   .   (no helmet)
rElec    .         Reflect  .   (no cloak)
rCorr    .         Harm     .   (no gloves)
MR       .....                  (no boots)
Stlth    ++........             (no amulet)
HPRegen  0.13/turn              (no ring)
MPRegen  0.13/turn              (no ring)

@: no status effects
A: high mp 1
a: no special abilities


You were on level 3 of the Dungeon.
You were not hungry.

You visited 1 branch of the dungeon, and saw 3 of its levels.

You collected 126 gold pieces.

Inventory:

Armour
 a - a +0 robe (worn)
Jewellery
 l - an uncursed ring of protection from magic {unknown}
Scrolls
 d - a scroll of amnesia {unknown}
 e - 4 scrolls of teleportation {unknown}
 f - 7 scrolls of identify {unknown}
 h - 3 scrolls of enchant armour {unknown}
 o - a scroll of fear {unknown}
Potions
 b - a potion of flight {unknown}
 g - 3 potions of heal wounds {unknown}
 i - a potion of degeneration {unknown}
 j - 4 potions of curing {unknown}
 k - 2 potions of brilliance {unknown}
 m - a potion of resistance {unknown}
Comestibles
 c - 4 rations
 n - 2 chunks of flesh


   Skills:
 + Level 1.6 Fighting
 - Level 1.7 Dodging
 - Level 1.7 Stealth
 + Level 3.2 Spellcasting
 + Level 4.7 Conjurations


You had 7 spell levels left.
You knew the following spells:

 Your Spells              Type           Power        Failure   Level  Hunger
a - Magic Dart            Conj           ###.         1%          1    None
b - Searing Ray           Conj           ###...       2%          2    ##.....

Your spell library contained the following spells:

 Spells                   Type           Power        Failure   Level  Hunger
 Dazzling Flash           Conj/Hex       ##....       14%         3    ###....
 Fulminant Prism          Conj/Hex       ##........   43%         4    ####...
 Iskenderun's Mystic Bla  Conj/Tloc      ##......     43%         4    ####...


Dungeon Overview and Level Annotations

Branches:
Dungeon (3/15)

Annotations:
D:3 Ijyb


Innate Abilities, Weirdness & Mutations

You have an increased reservoir of magic. (+10% MP)


Message History

Casting: Searing Ray (safe; 2% risk of failure)
Confirm with . or Enter, or press ? or * to list all spells.
Aiming: Magic Dart (safe; 1% risk of failure)
Press: ? - help, Shift-Dir - straight line, f/p - Ijyb
Aim: Ijyb, wielding a +0 club, wearing a +3 leather armour of fire resistance, wearing an uncursed amulet of regeneration and carrying a wand of disintegration (16) (heavily wounded)
The magic dart hits Ijyb.
Ijyb is severely wounded.
Ijyb barely misses you.
You hit Ijyb but do no damage.
Ijyb is severely wounded.
Casting: Magic Dart (safe; 1% risk of failure)
Confirm with . or Enter, or press ? or * to list all spells.
Aiming: Magic Dart (safe; 1% risk of failure)
Press: ? - help, Shift-Dir - straight line, f/p - Ijyb
Aim: Ijyb, wielding a +0 club, wearing a +3 leather armour of fire resistance, wearing an uncursed amulet of regeneration and carrying a wand of disintegration (16) (severely wounded)
The magic dart hits Ijyb but does no damage.
Ijyb is severely wounded.
Ijyb zaps a wand.
You are blasted!
Ouch! That really hurt!
You die...

### .. ##.# #..
###g# ###
#.#..@### #.##
#.......# #..###
#.#####.####...###
#.
##....###...#####
#................
#.######.##..####
#.# ##.###.####
#.# ##..........
#. #.#
##...........


You could see Ijyb.

Vanquished Creatures
  2 orc priests (D:3)
  2 adders
  3 oozes
  3 worms
  A dart slug (D:2)
  4 leopard geckos
  4 orcs
  6 bats
  7 giant cockroaches
  6 goblins
  11 hobgoblins
  2 jackals (D:3)
  A quokka (D:3)
  3 frilled lizards
  3 kobolds
  5 rats (D:2)
63 creatures vanquished.

Notes
Turn   | Place    | Note
-------+----------+-------------------------------------------
     0 | D:1      | Qrupt the Demigod Conjurer began the quest for the Orb.
     0 | D:1      | Reached XP level 1. HP: 14/14 MP: 5/5
   446 | D:1      | Reached XP level 2. HP: 20/20 MP: 5/7
   823 | D:2      | Learned a level 2 spell: Searing Ray
   879 | D:2      | Reached skill level 4 in Conjurations
  1281 | D:2      | Reached XP level 3. HP: 26/26 MP: 1/9
  2353 | D:3      | Reached XP level 4. HP: 34/34 MP: 2/11
  2680 | D:3      | Reached skill level 1 in Fighting
  2847 | D:3      | Reached XP level 5. HP: 40/40 MP: 0/12
  3006 | D:3      | Noticed Ijyb
  3020 | D:3      | Blown up by Ijyb

Illustrated notes

Levels and vault maps discovered:
D:1:      wander_arrival_desolate, layout_basic, minivault_24
D:2:      layout_loops_ring, minmay_liquid_box
D:3:      layout_rooms, zin_purify, first_ration, uniq_ijyb

Skill      XL: |  1  2  3  4 |
---------------+-------------+-----
Spellcasting   | 2 3 |  3.2
Conjurations   | 4 |  4.7
Fighting       | 1 |  1.6
Dodging        | |  1.7
Stealth        | |  1.7

Action                   |  1- 3 |  4- 6 || total
-------------------------+-------+-------++-------
Melee: Unarmed           |     4 |     9 ||    13
 Cast: Magic Dart        |   121 |    33 ||   154
       Searing Ray       |       |     4 ||     4
  Eat: Chunk             |     4 |       ||     4
       Ration            |       |     1 ||     1
Armor: Robe              |     7 |     8 ||    15
Dodge: Dodged            |    17 |    23 ||    40
